 Dungeon Crawl Stone Soup version 0.29.0-4-gdea44cf6ec (webtiles) character file.

Game seed: 13968550737764091820

1977 qw the Cleaver (level 9, -5/53 HPs)
             Began as a Tengu Warper on Aug 28, 2022.
             Was a Follower of Okawaru.
             Killed from afar by an electric eel (11 damage)
             ... with a bolt of electricity
             ... on level 8 of the Dungeon.
             The game lasted 00:00:49 (9737 turns).

qw the Cleaver (Tengu Warper)                       Turns: 9737, Time: 00:00:50

Health: -5/53      AC: 10    Str: 15    XL:     9   Next: 20%
Magic:  11/13      EV: 11    Int: 13    God:    Okawaru [*.....]
Gold:   408        SH:  6    Dex: 15    Spells: 12/12 levels left

rFire   . . .      SeeInvis .   Y - +1 hand axe (freeze)
rCold   + . .      Faith    .   j - +0 buckler
rNeg    . . .      Spirit   .   h - +0 chain mail
rPois   .          Reflect  .   (helmet restricted)
rElec   .          Harm     .   (no cloak)
rCorr   .          Rampage  .   (no gloves)
Will    +....                   (boots unavailable)
Stlth   ..........              (no amulet)
HPRegen 0.17/turn               c - ring of willpower
MPRegen 0.13/turn               k - ring of protection from cold

@: heroic, flying quickly and evasively, quick
A: beak, talons 3, nimble flight
a: Renounce Religion, Heroism


You were on level 8 of the Dungeon.
You worshipped Okawaru.
Okawaru was aware of your devotion.
You visited 2 branches of the dungeon, and saw 9 of its levels.
You also visited: Sewer.

You collected 408 gold pieces.


Innate Abilities, Weirdness & Mutations

You have a beak for a mouth.
You have claws for feet.
Your magical nature lets you fly swiftly and evasively.


   Skills:
 + Level 4.8(9.8) Fighting
 - Level 10.0(15.0) Axes
 - Level 1.0(6.0) Throwing
 - Level 3.1(8.1) Armour
 - Level 3.0(8.0) Dodging
 - Level 3.2(8.2) Shields
 - Level 2.0 Spellcasting
 - Level 2.4 Translocations
 + Level 3.1 Invocations


You had 12 spell levels left.
You didn't know any spells.
Your spell library contained the following spells:

 Spells                   Type           Power      Damage    Failure   Level
 Blink                    Tloc           14%        N/A       95%         2
 Gell's Gravitas          Tloc           7%         N/A       99%         3
 Lesser Beckoning         Tloc           7%         N/A       99%         3
 Teleport Other           Tloc           7%         N/A       99%         3
 Manifold Assault         Tloc           7%         N/A       100%        5

Inventory:

Hand Weapons
 f - a +0 flail
 Y - a +1 hand axe of freezing (weapon)
Missiles
 d - 5 boomerangs (quivered)
Armour
 h - a +0 chain mail (worn)
 j - a +0 buckler (worn)
Jewellery
 c - a ring of willpower (left hand)
 g - a ring of resist corrosion
 k - a ring of protection from cold (right hand)
Scrolls
 b - 3 scrolls of identify
Potions
 a - 4 potions of curing
 e - a potion of lignification {unknown}
 i - a potion of might
 l - a potion of berserk rage {unknown}
 m - a potion of mutation {unknown}

Dungeon Overview and Level Annotations

Branches:
Dungeon (8/15)             Temple (1/1) D:6            Lair (0/5) D:8
  Sewer (visited)

Altars:
Ashenzari
Cheibriados
Dithmenos
Elyvilon
Fedhas
Gozag
Kikubaaqudgha
Makhleb
Nemelex Xobeh
Okawaru
Qazlal
Ru
Sif Muna
Trog
Uskayaw
Vehumet
Wu Jian
Xom
Yredelemnul
Zin
The Shining One

Annotations:
D:4 1 runed translucent door, Crazy Yiuf


Message History

An electric eel comes into view.
The hound barks!
9733 ||| INVOKING Heroism.
You gain the combat prowess of a mighty hero.
The electric eel shoots out a bolt of lightning at you!
The bolt of electricity hits you!
An electric eel comes into view. x2
You hear a bark! x2 2 hounds come into view.
The hound barks!
You hear a shout! x3
The electric eel shoots out a bolt of lightning at you!
The bolt of electricity hits you!
An electric eel comes into view.
A wolf comes into view.
The wolf howls!
A wolf comes into view.
Found a staircase to the Lair.
The wolf howls!
The electric eel shoots out a bolt of lightning at you!
The bolt of electricity hits the electric eel.
The electric eel completely resists.
The bolt of electricity misses you.
The electric eel shoots out a bolt of lightning at you!
The bolt of electricity hits you.
The electric eel shoots out a bolt of lightning at you!
The bolt of electricity hits you!
An orc comes into view. It is wielding a +0 war axe.
The orc shouts!
An orc comes into view. It is wielding a +0 short sword.
The electric eel shoots out a bolt of lightning at you!
The bolt of electricity hits you.
The electric eel shoots out a bolt of lightning at you!
The bolt of electricity hits the electric eel.
The electric eel completely resists.
The bolt of electricity hits the electric eel.
The electric eel completely resists.
The bolt of electricity hits you!
You barely miss the electric eel. You claw the electric eel!
The electric eel is heavily wounded.
An orc comes into view. It is wielding a +0 flail.
The electric eel shoots out a bolt of lightning at you!
The bolt of electricity hits you!
You die...

~.~~~oo.~..#
.~..~o~....#
...hS~.~~..#
.>hh~~~~...#
..h~~S~~~..###
~~~hh~S~.....#
~~~~~~S....#.#
~~~~~~~@...#.####
~~~~~..~~........
~~~~~.......####
~~~~~~......#
###########.# #.#
#.# #?# #####.#


You could see 2 wolves, 4 hounds, 4 electric eels and 3 orcs.

Vanquished Creatures
  A water moccasin (D:6)
  2 sky beasts
  A black bear (D:5)
  2 ogres (D:4)
  3 centaurs
  A bullfrog (D:7)
  A gnoll sergeant (D:6)
  2 scorpions
  9 killer bees (D:7)
  3 hounds
  A jelly (D:6)
  An orc priest (D:5)
  2 iguanas
  2 orc wizards
  5 gnolls
  8 adders
  4 river rats (Sewer)
  A white imp (D:5)
  A worm (D:3)
  3 dart slugs
  15 orcs
  6 endoplasms
  6 giant cockroaches
  9 goblins
  8 hobgoblins
  3 jackals (Sewer)
  2 quokkas
  7 ball pythons
  6 bats
  5 frilled lizards (Sewer)
  4 kobolds
  10 rats
134 creatures vanquished.

Vanquished Creatures (others)
  14 plants
14 creatures vanquished.

Grand Total: 148 creatures vanquished

Notes
Turn   | Place    | Note
-------+----------+-------------------------------------------
     0 | D:1      | qw the Tengu Warper began the quest for the Orb.
     0 | D:1      | Reached XP level 1. HP: 12/12 MP: 4/4
     0 | D:1      | 0 ||| qw: Version: 0.1-a-89-g26bdef1
     0 | D:1      | 0 ||| qw: Game counter: 325
     0 | D:1      | 0 ||| qw: Always use a shield: true
     0 | D:1      | 0 ||| qw: God list: Okawaru
     0 | D:1      | 0 ||| qw: Allow faded altars: false
     0 | D:1      | 0 ||| qw: Do Orc after D:15 true
     0 | D:1      | 0 ||| qw: Do second Lair branch before Depths: true
     0 | D:1      | 0 ||| qw: Lair rune preference: random
     0 | D:1      | 0 ||| qw: Plans: Normal
     0 | D:1      | 0 ||| PLANNING D:1-11
    55 | D:1      | 55 ||| Stepping ~*~*~tactically~*~*~ (stealth).
    58 | D:1      | 58 ||| Stepping ~*~*~tactically~*~*~ (stealth).
    64 | D:1      | Reached skill level 3 in Axes
    64 | D:1      | Reached XP level 2. HP: 12/17 MP: 6/6
   282 | D:1      | 282 ||| DROPPING +0 club.
   349 | D:1      | Reached XP level 3. HP: 21/21 MP: 7/7
   408 | D:1      | Reached skill level 4 in Axes
   438 | D:1      | 438 ||| UPGRADING to +0 scale mail.
   448 | D:1      | 448 ||| DROPPING +0 leather armour.
   449 | D:1      | 449 ||| READING scroll labelled QIVONK QUXOLEWN.
   450 | D:1      | 450 ||| READING scroll labelled SIPHAI DUCROEN.
   549 | D:1      | 549 ||| Stepping ~*~*~tactically~*~*~ (hiding).
  1049 | D:1      | 1049 ||| READING scroll labelled VIS ETTUVIHYIN.
  1050 | D:1      | 1050 ||| DRINKING 2 smoky inky potions.
  1051 | D:1      | 1051 ||| DROPPING scroll of blinking.
  1089 | D:2      | Reached XP level 4. HP: 22/26 MP: 8/8
  1265 | D:2      | Found a faded altar of an unknown god.
  1277 | D:2      | Reached skill level 5 in Axes
  1407 | D:2      | 1407 ||| Stepping ~*~*~tactically~*~*~ (stealth).
  1577 | D:2      | 1577 ||| Stepping ~*~*~tactically~*~*~ (hiding).
  1784 | D:2      | 1784 ||| UPGRADING to +0 chain mail.
  1794 | D:2      | 1794 ||| DROPPING +0 scale mail.
  1795 | D:2      | 1795 ||| UPGRADING to ring of willpower.
  1796 | D:2      | 1796 ||| UPGRADING to ring of protection from cold.
  1797 | D:2      | 1797 ||| READING scroll labelled QYTEWK SUPSA.
  1798 | D:2      | 1798 ||| READING scroll of teleportation.
  1821 | D:3      | 1821 ||| PLANNING SEWER
  1880 | D:3      | 1880 ||| Stepping ~*~*~tactically~*~*~ (stealth).
  2075 | D:3      | Gained mutation: Your magical nature lets you fly swiftly
                  | and evasively. [Tengu growth]
  2075 | D:3      | Reached XP level 5. HP: 26/30 MP: 9/9
  2392 | D:3      | Found a glowing drain.
  2393 | D:3      | 2393 ||| READING scroll labelled YNAYTR CIOS.
  2394 | D:3      | 2394 ||| DRINKING 2 clear potions.
  2395 | D:3      | 2395 ||| READING 3 scrolls of identify.
  2395 | D:3      | 2395 ||| IDENTIFYING sedimented puce potion
  2396 | D:3      | 2396 ||| READING 2 scrolls of identify.
  2396 | D:3      | 2396 ||| IDENTIFYING lumpy ruby potion
  2397 | D:3      | 2397 ||| DROPPING potion of brilliance.
  2398 | D:3      | 2398 ||| DROPPING potion of attraction.
  2399 | D:3      | 2399 ||| DROPPING potion of invisibility.
  2408 | Sewer    | Entered a sewer
  2535 | Sewer    | 2535 ||| Stepping ~*~*~tactically~*~*~ (stealth).
  2536 | Sewer    | 2536 ||| Stepping ~*~*~tactically~*~*~ (stealth).
  2549 | Sewer    | 2549 ||| Stepping ~*~*~tactically~*~*~ (stealth).
  2560 | Sewer    | 2560 ||| Stepping ~*~*~tactically~*~*~ (stealth).
  2562 | Sewer    | 2562 ||| Stepping ~*~*~tactically~*~*~ (stealth).
  2629 | Sewer    | Reached skill level 6 in Axes
  3192 | Sewer    | 3192 ||| READING scroll labelled IJAOPE XYMUSMI.
  3295 | D:3      | 3295 ||| PLANNING D:1-11
  3414 | D:4      | Reached XP level 6. HP: 29/35 MP: 10/10
  3512 | D:4      | Found a runed translucent door.
  3513 | D:4      | Noticed Crazy Yiuf
  3589 | D:4      | 3589 ||| Stepping ~*~*~tactically~*~*~ (stealth).
  3600 | D:4      | 3600 ||| Stepping ~*~*~tactically~*~*~ (stealth).
  3608 | D:4      | 3608 ||| Stepping ~*~*~tactically~*~*~ (stealth).
  3614 | D:4      | 3614 ||| Stepping ~*~*~tactically~*~*~ (stealth).
  3680 | D:4      | 3680 ||| Stepping ~*~*~tactically~*~*~ (stealth).
  3683 | D:4      | 3683 ||| Stepping ~*~*~tactically~*~*~ (stealth).
  3684 | D:4      | 3684 ||| Stepping ~*~*~tactically~*~*~ (stealth).
  3686 | D:4      | 3686 ||| Stepping ~*~*~tactically~*~*~ (stealth).
  3687 | D:4      | 3687 ||| Stepping ~*~*~tactically~*~*~ (hiding).
  3706 | D:4      | Reached skill level 7 in Axes
  3714 | D:4      | HP: 7/35 [something (2)]
  3716 | D:4      | HP: 3/35 [something (4)]
  3994 | D:4      | 3994 ||| DROPPING +0 whip.
  4053 | D:4      | 4053 ||| Stepping ~*~*~tactically~*~*~ (stealth).
  4055 | D:4      | HP: 3/36 [ogre/+0 giant spiked club (10)]
  4056 | D:4      | 4056 ||| READING scroll of teleportation.
  4058 | D:4      | Reached skill level 3 in Fighting
  4350 | D:4      | Reached XP level 7. HP: 23/41 MP: 11/11
  4913 | D:4      | 4913 ||| READING scroll labelled ZIAF FEUMIUNKUNG.
  4914 | D:4      | 4914 ||| DROPPING +0 flail.
  4915 | D:4      | 4915 ||| READING 2 scrolls of identify.
  4915 | D:4      | 4915 ||| IDENTIFYING sedimented green potion
  4966 | D:5      | Entered Level 5 of the Dungeon
  4968 | D:5      | 4968 ||| Stepping ~*~*~tactically~*~*~ (hiding).
  4970 | D:5      | 4970 ||| Stepping ~*~*~tactically~*~*~ (hiding).
  5033 | D:5      | 5033 ||| Stepping ~*~*~tactically~*~*~ (stealth).
  5038 | D:5      | 5038 ||| Stepping ~*~*~tactically~*~*~ (hiding).
  5182 | D:5      | Reached skill level 8 in Axes
  5339 | D:5      | 5339 ||| Stepping ~*~*~tactically~*~*~ (stealth).
  5341 | D:5      | 5341 ||| Stepping ~*~*~tactically~*~*~ (hiding).
  5743 | D:5      | 5743 ||| FLEEEEING.
  5744 | D:5      | 5744 ||| FLEEEEING.
  6087 | D:5      | 6087 ||| DROPPING ring of magical power.
  6088 | D:5      | 6088 ||| READING scroll labelled TEFUOGGOPU.
  6089 | D:5      | 6089 ||| DRINKING 2 grey potions.
  6090 | D:5      | 6090 ||| DROPPING potion of flight.
  6114 | D:6      | 6114 ||| STAIRDANCE
  6122 | D:5      | Reached skill level 9 in Axes
  6122 | D:5      | Reached XP level 8. HP: 13/46 MP: 12/12
  6341 | D:6      | Found a staircase to the Ecumenical Temple.
  6342 | D:6      | 6342 ||| PLANNING TEMPLE
  6351 | Temple   | Entered the Ecumenical Temple
  6401 | Temple   | Became a worshipper of Warmaster Okawaru
  6524 | Temple   | 6524 ||| PLANNING D:1-11
  6589 | D:6      | 6589 ||| READING scroll of brand weapon.
  6589 | D:6      | 6589 ||| BRANDING +1 hand axe of flaming.
  6597 | D:6      | 6597 ||| Stepping ~*~*~tactically~*~*~ (hiding).
  6618 | D:6      | Reached skill level 3 in Armour
  6870 | D:6      | 6870 ||| Stepping ~*~*~tactically~*~*~ (hiding).
  7381 | D:6      | Reached skill level 10 in Axes
  7497 | D:6      | 7497 ||| Stepping ~*~*~tactically~*~*~ (stealth).
  7499 | D:6      | 7499 ||| Stepping ~*~*~tactically~*~*~ (hiding).
  7593 | D:6      | Found a white marble altar of Elyvilon.
  7870 | D:6      | 7870 ||| UPGRADING to +0 buckler.
  7875 | D:6      | 7875 ||| READING scroll labelled QAGE NYGGO.
  7876 | D:6      | 7876 ||| READING scroll labelled RAAKKO AZXY.
  7877 | D:6      | 7877 ||| READING scroll labelled JAUPPONG XURI.
  7878 | D:6      | 7878 ||| READING scroll labelled UPHICS LYGODYE.
  7928 | D:6      | 7928 ||| READING 2 scrolls of teleportation.
  7929 | D:6      | 7929 ||| STAIRDANCE
  8092 | D:7      | Reached skill level 1 in Shields
  8182 | D:7      | Identified the +2 robe of Egalitarianism {rN+}
  8213 | D:7      | Reached * piety under Okawaru
  8218 | D:7      | 8218 ||| INVOKING Heroism.
  8219 | D:7      | 8219 ||| INVOKING Heroism.
  8229 | D:7      | Reached skill level 1 in Invocations
  8435 | D:7      | 8435 ||| Stepping ~*~*~tactically~*~*~ (hiding).
  8436 | D:7      | 8436 ||| Stepping ~*~*~tactically~*~*~ (hiding).
  8441 | D:7      | 8441 ||| INVOKING Heroism.
  8444 | D:7      | Reached skill level 3 in Shields
  8592 | D:7      | Reached XP level 9. HP: 52/52 MP: 13/13
  8635 | D:7      | 8635 ||| Stepping ~*~*~tactically~*~*~ (stealth).
  8639 | D:7      | 8639 ||| INVOKING Heroism.
  8651 | D:7      | HP: 13/52 [poisoned by a killer bee]
  8652 | D:7      | 8652 ||| READING scroll of teleportation.
  8652 | D:7      | HP: 4/52 [poisoned by a killer bee]
  8653 | D:7      | 8653 ||| DRINKING potion of heal wounds.
  8657 | D:7      | 8657 ||| DRINKING 5 potions of curing.
  8657 | D:7      | 8657 ||| (to cure poison)
  8751 | D:7      | 8751 ||| INVOKING Heroism.
  8755 | D:7      | Reached skill level 3 in Dodging
  8761 | D:7      | Reached skill level 3 in Invocations
  9542 | D:7      | Found a glowing silver altar of Zin.
  9542 | D:7      | Found an opulent altar of Gozag.
  9637 | D:6      | 9637 ||| Stepping randomly (stuck).
  9679 | D:6      | Found a stormy altar of Qazlal.
  9682 | D:6      | Found a bloodstained altar of Trog.
  9683 | D:6      | 9683 ||| Stepping randomly (stuck).
  9733 | D:8      | 9733 ||| INVOKING Heroism.
  9735 | D:8      | Found a staircase to the Lair.
  9736 | D:8      | HP: 6/53 [electric eel/bolt of electricity (10)]
  9737 | D:8      | Killed from afar by an electric eel

Levels and vault maps discovered:
D:1:      psy_arrival_conway, layout_basic, serial_aquarium,
          aquarium_bridge_straight [aquarium_subvault_bridge,
          aquarium_subvault_window, aquarium_subvault_bridge,
          aquarium_subvault_balcony], aquarium_window_1, aquarium_window_corner,
          aquarium_window_corner, aquarium_view_2d, aquarium_balcony_double_4,
          aquarium_pool_double, chequers_arboretum, st_stairs_14
D:2:      layout_rooms, shapermc_ecumenical_altar_rom_forum,
          minmay_strange_pillars
D:3:      layout_basic, portal_sewer_entry_d, grunt_decor_resistance,
          st_stairs_14, dk_noncrumbling_3, serial_bayou_crossing
D:4:      layout_loops_ring, uniq_crazy_yiuf_cottage
D:5:      layout_basic, serial_bayou, serial_bayou_lagoon_b,
          serial_bayou_pond_d, serial_bayou_lagoon_a, serial_bayou_pond_e
D:6:      layout_loops_ring, nicolae_overflow_hidden_temple,
          minmay_temple_entry_grid, kennysheep_decorative_pillar,
          kennysheep_small_spiral, serial_park_tiny_2
D:7:      layout_layer_cave, grunt_temple_overflow_gold_and_silver, minivault_25
D:8:      layout_loops_ring, erik_lair_island, serial_undead, serial_undead_a,
          serial_undead_c, serial_undead_b, serial_undead_a, serial_undead_b,
          serial_undead_d
Temple:   eino_temple_rhombus

Skill      XL: |  1  2  3  4  5  6  7  8  9 |
---------------+----------------------------+-----
Axes           | 3 4 5 6 7 9 10 | 10.0
Armour         | 2 3 |  3.1
Fighting       | 3 4 |  4.8
Shields        | 3 |  3.2
Invocations    | 2 3 |  3.1
Dodging        | 3 |  3.0
Throwing       | |  1.0
Spellcasting   | |  2.0
Translocations | |  2.4

Action                   |  1- 3 |  4- 6 |  7- 9 || total
-------------------------+-------+-------+-------++-------
Melee: Hand axe          |    57 |   157 |   170 ||   384
       Kick              |    11 |    30 |    57 ||    98
       Peck              |     8 |    23 |    36 ||    67
       Punch             |       |       |     2 ||     2
Throw: Boomerang         |     7 |    41 |    38 ||    86
Invok: Heroism           |       |       |     5 ||     5
  Use: Scroll            |     3 |     7 |    10 ||    20
       Potion            |     1 |     1 |     3 ||     5
Armor: Leather armour    |     9 |       |       ||     9
       Scale mail        |     6 |    15 |       ||    21
       Chain mail        |       |    64 |    94 ||   158
Dodge: Dodged            |    27 |    50 |    74 ||   151
Block: Buckler           |       |       |    26 ||    26

Table legend:
 A = Non-vault XP
 B = Vault XP
 C = Vault XP percentage of total XP
 D = Non-vault monster count
 E = Vault monster count
 F = Vault count percentage of total count
                 A         B        C        D         E       F
            +---------+---------+-------+---------+---------+-------
      Total |    2691 |     134 |   4.7 |     106 |      28 |  20.9
            +---------+---------+-------+---------+---------+-------
        D:1 |      71 |       4 |   5.3 |      25 |       2 |   7.4
        D:2 |      53 |       0 |   0.0 |      10 |       0 |   0.0
        D:3 |      26 |      14 |  35.0 |      12 |       2 |  14.3
        D:4 |     483 |       0 |   0.0 |      21 |       0 |   0.0
        D:5 |     522 |       0 |   0.0 |      10 |       0 |   0.0
        D:6 |     574 |       0 |   0.0 |      14 |       0 |   0.0
        D:7 |     959 |       0 |   0.0 |      13 |       0 |   0.0
        D:8 |       3 |       0 |   0.0 |       1 |       0 |   0.0
      Sewer |       0 |     116 | 100.0 |       0 |      24 | 100.0
            +---------+---------+-------+---------+---------+-------
